AoeStats
← newats2007

Arena

510361926Analyzed
3v3 RM · 23h ago on Sep 30, 2026· 42m 29s· 6 players
Game mode
Random Map
Map size
Normal (6 player)
Population
200
Speed
Normal
Resources
Standard
Victory
Conquest
Starting age
Dark Age
Ending age
Imperial Age
RankedLock teamsTeams togetherTeam positionsShared explorationLock speedFull tech treeHidden civsTurbo modeCheats
Victory
Defeat
🇩🇪 Celts · Germany
1296
+13
🇮🇳 Khmer · India
1253
+14
🇨🇴 Poles · Colombia
1217
+16
🇦🇷 Goths · Argentina
1229
-15
🇦🇷 Armenians · Argentina
1218
-14
🇦🇷 Italians · Argentina
1215
-14
Yonag
10:02 Feudal Age
14:05 Castle Age
12:58 Double-Bit Axe
12:53 Horse Collar
14:10 Loom
20:57 Fletching
27:10 Bodkin Arrow
27:44 Gold Mining
27:52 Town Watch
29:17 Heavy Plow
29:30 Bow Saw
30:27 Wheelbarrow
33:34 Imperial Age
32:03 Padded Archer Armor
33:01 Hand Cart
34:20 Bracer
35:30 Chemistry
35:22 Thumb Ring
35:59 Ballistics
36:48 Leather Archer Armor
36:55 Elite Genoese Crossbowman
Bum SEkss
3:40 Loom
10:11 Feudal Age
10:32 Loom
14:19 Castle Age
13:35 Double-Bit Axe
13:46 Horse Collar
18:02 Man-at-Arms
21:51 Long Swordsman
24:24 Squires
26:23 Scale Mail Armor
32:18 Imperial Age
29:39 Two-Handed Swordsman
30:38 Heavy Plow
30:54 Gold Mining
31:31 Champion
34:42 Wheelbarrow
34:02 Gambesons
34:49 Pikeman
37:28 Fereters
38:11 Bow Saw
38:35 Chain Mail Armor
38:30 Forging
40:01 Plate Mail Armor
39:02 Capped Ram
DCOPN
3:50 Loom
10:41 Feudal Age
12:05 Double-Bit Axe
14:49 Castle Age
13:54 Town Watch
14:04 Horse Collar
14:11 Town Watch
24:51 Bow Saw
25:04 Heavy Plow
30:10 Imperial Age
28:19 Wheelbarrow
27:40 Treadmill Crane
29:03 Scale Mail Armor
29:13 Forging
29:08 Squires
29:55 Ballistics
30:16 Anarchy
32:00 Chemistry
31:00 Fletching
31:26 Chain Mail Armor
32:43 Two-Man Saw
31:44 Gold Mining
32:35 Crop Rotation
32:47 Masonry
33:25 Conscription
34:21 Pikeman
34:47 Halberdier
36:08 Scale Barding Armor
36:40 Iron Casting
Shivas
11:55 Feudal Age
12:49 Double-Bit Axe
13:44 Loom
16:14 Castle Age
14:11 Horse Collar
17:05 Wheelbarrow
17:25 Heavy Plow
18:24 Bow Saw
21:11 Stone Mining
22:21 Hand Cart
24:12 Gold Mining
29:00 Imperial Age
29:34 Gold Shaft Mining
29:17 Scale Mail Armor
29:51 Ballistics
29:46 Forging
30:42 Chain Mail Armor
31:02 Conscription
31:34 Stone Shaft Mining
31:41 Iron Casting
31:44 Stronghold
32:20 Siege Engineers
31:40 Capped Ram
32:15 Arson
33:24 Plate Mail Armor
32:19 Elite Woad Raider
34:17 Chemistry
33:29 Masonry
33:33 Siege Ram
34:29 Town Watch
35:48 Furor Celtica
35:23 Onager
37:55 Hoardings
38:14 Siege Onager
40:12 Blast Furnace
38:41 Pikeman
Dr. Consuegra
11:19 Feudal Age
14:18 Double-Bit Axe
17:06 Castle Age
16:42 Horse Collar
21:56 Wheelbarrow
21:31 Heavy Plow
21:40 Gold Mining
21:41 Stone Mining
22:39 Loom
22:46 Loom
27:33 Scale Barding Armor
27:39 Forging
31:01 Imperial Age
28:17 Town Watch
29:02 Szlachta Privileges
29:11 Husbandry
29:22 Bloodlines
31:49 Bow Saw
32:05 Chain Barding Armor
32:22 Iron Casting
31:13 Cavalier
32:30 Conscription
33:10 Light Cavalry
35:08 Blast Furnace
35:01 Winged Hussar
37:06 Crop Rotation
36:29 Fletching
41:21 Bodkin Arrow
42:30 Chemistry
41:41 Masonry
newats2007
10:45 Feudal Age
9:35 Loom
14:05 Castle Age
33:31 Imperial Age
32:39 Wheelbarrow
33:07 Wheelbarrow
33:45 Double-Bit Axe
33:46 Horse Collar
34:18 Double Crossbow
34:14 Gold Mining
35:22 Forging
35:02 Fletching
35:13 Padded Archer Armor
36:54 Iron Casting
36:46 Conscription
37:36 Hand Cart
38:28 Bow Saw
38:40 Heavy Scorpion
Connection lost

Rejoining the realm…

Still unreachable

The connection could not be restored.

Session expired

The server has moved on; the page needs a fresh start.